 Dungeon Sprint DCSS version 0.24.1-14-gf8d2b509d9 (webtiles) character file.

Game seed: 16601607119522435057, levelgen mode: deterministic

1056 Baz the Grappler (level 8, -5/92 HPs)
             Began as a Troll Berserker on Oct 5, 2020.
             Was a High Priest of Trog.
             Splashed by an oklob plant's acid (13 damage)
             ... in the Dungeon (Sprint IV: "Fedhas' Mad Dash").
             The game lasted 00:03:36 (1099 turns).

Baz the Grappler (Troll Berserker)                  Turns: 1099, Time: 00:03:37

Health: -5/92      AC: -2    Str: 26    XL:     8   Next: 6%
Magic:  7/7        EV: 14    Int:  3    God:    Trog [*****.]
Gold:   131        SH:  0    Dex: 11    Spells: 7/7 levels left

rFire    . . .     SeeInvis +     - Unarmed
rCold    . . .     Gourm    +   (no shield)
rNeg     . . .     Faith    .   a - +0 animal skin
rPois    .         Spirit   .   (helmet restricted)
rElec    .         Reflect  .   (no cloak)
rCorr    .         Harm     .   (gloves unavailable)
MR       .....     NoTele   +   (boots unavailable)
Stlth    +.........             j - amulet of invisibility {+Inv}
HPRegen  0.65/turn              k - ring of see invisible
MPRegen  0.10/turn              (no ring)

@: corroded
A: large, unfitting armour, claws 3, fast metabolism 3, gourmand, regeneration
1, shaggy fur 1, tough skin 3
a: Berserk, Trog's Hand, Brothers in Arms, Renounce Religion, Evoke Invisibility


You were in the Dungeon.
You worshipped Trog.
Trog was extremely pleased with you.
You were not hungry.

You visited 1 branch You collected 131 gold pieces.

Inventory:

Armour
 a - a +0 animal skin (worn)
Jewellery
 j - the amulet of invisibility (around neck) {+Inv}
   (You found it in the Dungeon)

   [amulet of nothing]

   It lets you turn invisible.
 k - a ring of see invisible (left claw)
Wands
 m - a wand of paralysis (10)
Scrolls
 h - a scroll of blinking
 l - a scroll of amnesia {unknown}
Potions
 c - a potion of curing
 d - a potion of heal wounds
 e - a potion of haste
 f - 2 potions of magic
 g - a potion of berserk rage
 i - a potion of brilliance {unknown}


   Skills:
 + Level 9.0 Fighting
 + Level 9.0 Dodging
 + Level 10.6 Unarmed Combat


You had 7 spell levels left.
You didn't know any spells.
Your spell library was empty.

Dungeon Overview and Level Annotations

Branches:
Dungeon (1/1)

Altars:
Cheibriados
Dithmenos
Elyvilon
Gozag
Hepliaklqana
Kikubaaqudgha
Makhleb
Nemelex Xobeh
Okawaru
Qazlal
Ru
Sif Muna
Trog
Uskayaw
Vehumet
Wu Jian
Xom
Yredelemnul
Zin
The Shining One
Beogh
Jiyva
Lugonu

Shops:
D [=!*

Annotations:
D exclusion: oklob plant


Innate Abilities, Weirdness & Mutations

You are too large for most types of armour.
You have claws for hands.
Your metabolism is lightning-fast.
You like to eat raw meat.
Your natural rate of healing is unusually fast.
You are covered in fur. (AC +1)
You have extremely tough skin. (AC +3)


Message History

You see here 8 poisoned darts.
You mangle the oklob plant!!
The oklob plant is moderately damaged.
The oklob plant spits acid at you. The splash of acid hits you!
The acid corrodes you!
You are splashed with acid!
You scratch the oklob plant but do no damage.
The oklob plant is moderately damaged.
Unknown command.
You mangle the oklob plant!!
The oklob plant is almost destroyed.
The oklob plant spits acid at you. The splash of acid hits you!
The acid corrodes you!
You are splashed with acid!
* * * LOW HITPOINT WARNING * * *
You scratch the oklob plant but do no damage.
The oklob plant is almost destroyed.
The oklob plant spits acid at you. The splash of acid hits you!
* * * LOW HITPOINT WARNING * * *
You are splashed with acid!
You die...

#<..P#..÷..#.....#
#PP..'..†..'.#...'
#PPPP#.....#.#)..#
###############'##
#...♣........'...#
#......♣.....#...#
#.....♣..♣..######
##'####+##### #@.#
#P(# ####


You could see an oklob plant.

Vanquished Creatures
  A queen bee (D)
  A burning bush (D)
  2 wandering mushrooms (D)
  2 scorpions (D)
  4 killer bees (D)
  4 oklob saplings (D)
  A worker ant (D)
  2 spriggans (D)
  A river rat (D)
  A rat (D)
19 creatures vanquished.

Notes
Turn   | Place    | Note
-------+----------+-------------------------------------------
     0 | D        | Baz the Troll Berserker began the quest for the Orb.
     0 | D        | Reached XP level 1. HP: 22/22 MP: 0/0
     7 | D        | Reached XP level 2. HP: 31/31 MP: 1/1
    24 | D        | Noticed an oklob sapling
    26 | D        | Killed an oklob sapling
    26 | D        | Reached ** piety under Trog
    26 | D        | Reached skill level 4 in Unarmed Combat
    26 | D        | Reached XP level 3. HP: 39/39 MP: 2/2
    29 | D        | Found the amulet of invisibility {+Inv}
    36 | D        | Reached skill level 5 in Unarmed Combat
   161 | D        | Noticed an oklob sapling
   165 | D        | Killed an oklob sapling
   165 | D        | Reached XP level 4. HP: 34/49 MP: 3/3
   193 | D        | Found an opulent altar of Gozag.
   193 | D        | Found a hazy altar of Hepliaklqana.
   193 | D        | Found a burning altar of Makhleb.
   193 | D        | Found a roughly hewn altar of Beogh.
   193 | D        | Found a sparkling altar of Nemelex Xobeh.
   193 | D        | Found a snail-covered altar of Cheibriados.
   193 | D        | Found a sacrificial altar of Ru.
   193 | D        | Found a shimmering blue altar of Sif Muna.
   193 | D        | Found a shimmering altar of Xom.
   193 | D        | Found a basalt altar of Yredelemnul.
   195 | D        | Found a viscous altar of Jiyva.
   195 | D        | Found a bloodstained altar of Trog.
   195 | D        | Found an ornate altar of the Wu Jian Council.
   196 | D        | Found an iron altar of Okawaru.
   196 | D        | Found a glowing silver altar of Zin.
   196 | D        | Found a shadowy altar of Dithmenos.
   230 | D        | Found an ancient bone altar of Kikubaaqudgha.
   230 | D        | Found a hide-covered altar of Uskayaw.
   231 | D        | Found a stormy altar of Qazlal.
   231 | D        | Found a white marble altar of Elyvilon.
   231 | D        | Found a glowing golden altar of the Shining One.
   232 | D        | Found a corrupted altar of Lugonu.
   232 | D        | Found a radiant altar of Vehumet.
   238 | D        | Reached skill level 5 in Fighting
   238 | D        | Reached skill level 5 in Dodging
   238 | D        | Reached skill level 6 in Unarmed Combat
   238 | D        | Reached XP level 5. HP: 57/57 MP: 1/4
   369 | D        | Reached *** piety under Trog
   382 | D        | Reached skill level 7 in Unarmed Combat
   386 | D        | Reached **** piety under Trog
   386 | D        | Reached XP level 6. HP: 58/68 MP: 5/5
   407 | D        | Found Bojeke's Jewellery Shop.
   407 | D        | Found Lofockes's Antique Armour Emporium.
   418 | D        | Noticed a burning bush
   418 | D        | Noticed a wandering mushroom
   473 | D        | Killed a wandering mushroom
   473 | D        | Reached skill level 8 in Unarmed Combat
   489 | D        | Noticed a wandering mushroom
   624 | D        | Reached skill level 9 in Unarmed Combat
   631 | D        | Killed a burning bush
   631 | D        | Reached ***** piety under Trog
   631 | D        | Reached XP level 7. HP: 68/80 MP: 6/6
   650 | D        | Found Myfoe's Assorted Antiques.
   650 | D        | Found Casiodi's Distillery.
   695 | D        | Noticed a queen bee
   716 | D        | Killed a queen bee
   716 | D        | Received a gift from Trog
   716 | D        | Reached skill level 10 in Unarmed Combat
   897 | D        | Reached XP level 8. HP: 57/92 MP: 7/7
  1093 | D        | Noticed an oklob plant
  1099 | D        | Splashed by an oklob plant's acid

Levels and vault maps discovered:
D:        dungeon_sprint_fedhas [sprint_temple]

Skill      XL: |  1  2  3  4  5  6  7 |
---------------+----------------------+-----
Fighting       | 3 4 5 6 8 9 |  9.0
Dodging        | 3 4 5 6 8 9 |  9.0
Unarmed Combat | 4 5 6 7 9 10 | 10.6

Action                   |  1- 3 |  4- 6 |  7- 9 || total
-------------------------+-------+-------+-------++-------
Melee: Unarmed           |    15 |    34 |    31 ||    80
       Punch             |       |     1 |       ||     1
Invok: Berserk           |       |       |     1 ||     1
       Trog's Hand       |       |       |     1 ||     1
 Abil: Evoke Invisibilit |       |     1 |       ||     1
 Stab: Sleeping          |       |     1 |       ||     1
  Eat: Chunk             |     1 |       |       ||     1
       Ration            |       |     1 |     2 ||     3
Armor: Animal skin       |     3 |     3 |     6 ||    12
Dodge: Dodged            |     6 |    15 |    33 ||    54
